 Dungeon Crawl Stone Soup version 0.31-a0-355-g57cb03d3e8 (webtiles) character file.

Game seed: 492918744844224810

459 Newt the Changeling (level 6, -5/78 HPs)
             Began as a Draconian Shapeshifter on July 24, 2023.
             Slain by a gnoll bouda
             ... wielding a +0 club
              (7 damage)
             ... on level 3 of the Dungeon.
             The game lasted 00:04:09 (2966 turns).

Newt the Changeling (Draconian Shapeshifter)        Turns: 2966, Time: 00:04:09

Health: -5/78      AC: 23    Str: 19    XL:     6   Next: 78%
Magic:  6/6        EV:  2    Int:  9    God:
Gold:   159        SH:  0    Dex: 11    Spells: 5/5 levels left

rFire   + . .        c - +3 whip
rCold   . . .        (no shield)
rNeg    . . .        (body armour unavailable)
rPois   +            (helmet currently unavailable)
rElec   .            (cloak currently unavailable)
rCorr   +            (gloves currently unavailable)
SInv    .            (boots currently unavailable)
Will    .....        (no amulet)
Stlth   +            j - ring of resist corrosion
HPRegen 0.33/turn    i - ring of protection from fire
MPRegen 0.10/turn

%: no passive effects
@: tree-form, weakened
A: stationary, stasis, torment immunity, boosted hp, AC +6, unfitting armour,
(cold-blooded)
a: no special abilities


You were on level 3 of the Dungeon.
You were a tree.
You visited 1 branch of the dungeon, and saw 3 of its levels.

You collected 159 gold pieces.

Inventory:

Hand Weapons
 c - a +3 whip (weapon)
Missiles
 f - 10 poisoned darts
Jewellery
 i - a ring of protection from fire (right branch)
 j - a ring of resist corrosion (left branch)
Talismans
 b - a beast talisman
Wands
 h - a wand of charming (7)
Scrolls
 d - a scroll of enchant armour
Potions
 g - a potion of ambrosia {unknown}


   Skills:
 - Level 4.0 Fighting
 - Level 3.0 Maces & Flails
 - Level 3.0 Dodging
 - Level 3.0 Unarmed Combat
 + Level 4.7 Shapeshifting


You had 5 spell levels left.
You didn't know any spells.
Your spell library contained the following spells:

 Spells                   Type           Power      Damage    Failure   Level
 Animate Dead             Necr           0%         N/A       99%         4
 Borgnjor's Vile Clutch   Necr/Erth      0%         N/A       100%        5
 Death Channel            Necr           0%         N/A       100%        6


Dungeon Overview and Level Annotations

Branches:
Dungeon (3/15)

Altars:
Hepliaklqana


Innate Abilities, Weirdness & Mutations

You are a tree.
Your roots penetrate the ground, keeping you stationary.
You cannot be teleported.
You are immune to unholy pain and torment.
Your maximum health is greatly increased.
Your equipment is partially melded.
((Your plain brown scales are hard. (AC +6)))
You cannot fit into any form of body armour.
((You are cold-blooded and may be slowed by cold attacks.))


Message History

You feel as though you will be weak longer.
The gnoll sergeant hits you from afar with a +0 spear.
* * * LOW HITPOINT WARNING * * *
Unknown command.
Unknown command.
Unknown command.
Aiming: Charm
Press: ? - help, Shift-Dir - straight line, f/p - gnoll sergeant
Aim: a gnoll sergeant, wielding a +0 spear and wearing a +0 ring mail (covering ground quickly, chance to affect: 49%)
The gnoll bouda is charmed.
The gnoll bouda hits your gnoll bouda with a +0 club.
The gnoll sergeant hits you from afar with a +0 spear!
* * * LOW HITPOINT WARNING * * *
Unknown command.
Unknown command.
The gnoll bouda hits your gnoll bouda with a +0 club!
The gnoll sergeant hits you but does no damage.
The gnoll bouda hits your gnoll bouda with a +0 club.
Your gnoll bouda dies!
The gnoll sergeant hits you but does no damage.
Aiming: Charm
Press: ? - help, Shift-Dir - straight line, f/p - gnoll sergeant
Aim: a gnoll sergeant, wielding a +0 spear and wearing a +0 ring mail (covering ground quickly, chance to affect: 49%)
The gnoll sergeant resists with some effort.
The gnoll sergeant hits you but does no damage.
The gnoll bouda hits you but does no damage.
Aiming: Charm
Press: ? - help, Shift-Dir - straight line, f/p - gnoll sergeant
Aim: a gnoll sergeant, wielding a +0 spear and wearing a +0 ring mail (covering ground quickly, chance to affect: 49%)
The gnoll bouda resists with some effort.
The gnoll sergeant hits you but does no damage.
The gnoll bouda hits you but does no damage.
Unknown command.
Aiming: Charm
Press: ? - help, Shift-Dir - straight line, f/p - gnoll sergeant
Aim: a gnoll sergeant, wielding a +0 spear and wearing a +0 ring mail (covering ground quickly, chance to affect: 49%)
The gnoll bouda resists with some effort.
The gnoll sergeant hits you but does no damage.
The gnoll bouda hits you with a +0 club!
You die...

.....'....)........)..'.#.~≈~....
.....#....#...........#.#.≈≈~....
#######################.#.~≈≈....
.. #......#.~~~..P. ...
#).)...#.~~~.... ...
##)###.#.~≈~.... .o
#.).!#.#.~≈≈....
#####g###))..#.#.~≈~....
......g♣†...†#'###≈~....
############'#...#≈~....
........#.g.#≈~....
~~~≈~≈≈≈#####≈~....
≈≈≈≈≈≈≈≈≈≈≈≈≈≈~....
~≈~~~~~~~~~~~~~....
h...P..............
............P......
###################


You could see a gnoll sergeant (swift), a gnoll bouda (swift) and an orc.

Vanquished Creatures
  A kobold brigand (D:3)
  2 howler monkeys (D:3)
  2 gnoll boudas (D:3)
  12 gnolls
  3 adders (D:3)
  A worm (D:2)
  2 dart slugs
  12 orcs (D:3)
  6 endoplasms
  A giant cockroach (D:3)
  7 goblins
  3 hobgoblins
  13 jackals
  3 bats
  2 frilled lizards
  6 kobolds
  4 rats
80 creatures vanquished.

Vanquished Creatures (collateral kills)
  An orc (D:3)
  4 jackals (D:3)
5 creatures vanquished.

Vanquished Creatures (others)
  A gnoll bouda (D:3)
1 creature vanquished.

Grand Total: 86 creatures vanquished

Notes
Turn   | Place    | Note
-------+----------+-------------------------------------------
     0 | D:1      | Newt the Draconian Shapeshifter began the quest for the
                  | Orb.
     0 | D:1      | Reached XP level 1. HP: 16/16 MP: 1/1
   385 | D:1      | Reached XP level 2. HP: 25/25 MP: 2/2
   743 | D:2      | Reached XP level 3. HP: 23/26 MP: 3/3
  1490 | D:3      | Reached skill level 1 in Maces & Flails
  1508 | D:3      | Noticed a kobold brigand
  1509 | D:3      | Found a faded altar of an unknown god.
  1510 | D:3      | Found a hazy altar of Hepliaklqana.
  1533 | D:3      | Killed a kobold brigand
  1534 | D:3      | Reached XP level 4. HP: 4/40 MP: 4/4
  1696 | D:3      | Reached XP level 5. HP: 46/46 MP: 5/5
  2783 | D:3      | Reached XP level 6. HP: 11/52 MP: 6/6
  2784 | D:3      | HP: 3/78 [gnoll bouda/+0 club (1)]
  2961 | D:3      | HP: 1/78 [gnoll sergeant/+0 spear (7)]
  2966 | D:3      | Slain by a gnoll bouda

Illustrated notes

Levels and vault maps discovered:
D:1:      amcnicky_arrival_single_pillar, layout_rooms, moated_statue,
          hangedman_decor_growths, grunt_decor_arrowhead
D:2:      layout_loops_ring, chequers_mini_garden, grunt_ministairs_6
D:3:      lemuel_castle_with_subvaults [lemuel_castle_interior_carwin_1],
          layout_loops_cross, beargit_hepliaklqana_dungeon_heroes, uniq_robin

Skill      XL: |  1  2  3  4  5  6 |
---------------+-------------------+-----
Fighting       | 2 3 4 |  4.0
Maces & Flails | 3 |  3.0
Dodging        | 3 |  3.0
Shapeshifting  | 4 |  4.7
Unarmed Combat | |  3.0

Action                     |  1- 3 |  4- 6 || total
---------------------------+-------+-------++-------
  Melee: Whip              |    93 |   169 ||   262
         Unarmed           |     5 |       ||     5
         Tailslap          |    10 |    12 ||    22
         Punch             |     4 |     2 ||     6
  Evoke: Wand              |       |     6 ||     6
    Use: Potion            |     2 |     3 ||     5
         Scroll            |     2 |     1 ||     3
 Armour: Skin              |    47 |    75 ||   122
  Dodge: Dodged            |    71 |   103 ||   174

Table legend: (Time is in decaauts)
 A = Elapsed time spent in this place.
 B = Non-inter-level travel time spent in this place.
 C = Inter-level travel time spent in this place.
 D = Time resting spent in this place.
 E = Time spent auto-exploring this place.
 F = Levels seen in this place.
 G = Mean time per level.
                   A        B        C        D        E       F      G
               +--------+--------+--------+--------+--------+-----+--------+
         Total |   2971 |   2853 |    118 |    670 |   1588 |   3 |  990.3 |
       Dungeon |   2971 |   2853 |    118 |    670 |   1588 |   3 |  990.3 |
               +--------+--------+--------+--------+--------+-----+--------+

Top non-repeatable levels by time:
     D:3: 1239 daAuts
     D:2: 1223 daAuts
     D:1: 508 daAuts
